 Dungeon Crawl Stone Soup version 0.20-a0-848-g73d9be0 (webtiles) character file.

294 Alarkh the Skirmisher (level 6, -1/48 HPs)
             Began as a Demonspawn Fighter on Mar 9, 2017.
             Killed by divine providence
             ... invoked by an orc priest
              (13 damage)
             ... on level 4 of the Dungeon.
             The game lasted 00:02:36 (3238 turns).

Alarkh the Skirmisher (Demonspawn Fighter)          Turns: 3238, Time: 00:02:36

Health: -1/48      AC: 10    Str: 21    XL:     6   Next: 11%
Magic:  6/6        EV: 15    Int:  9    God:
Gold:   148        SH: 10    Dex: 18    Spells: 5/5 levels left

rFire    . . .     SeeInvis .   a - +0 long sword
rCold    . . .     Gourm    .   r - +1 leather armour {MR+}
rNeg     . . .     Faith    .   c - +0 shield
rPois    .         Spirit   .   (helmet restricted)
rElec    .         Reflect  .   (no cloak)
rCorr    .         Harm     .   (no gloves)
MR       +....                  (no boots)
Stlth    ++........             (no amulet)
Regen    0.2/turn               (no ring)
MPRegen  0.1/turn               (no ring)

@: mighty, agile, sanguine armour
A: horns 1, dopey 1, powered by pain 1, evolution 1, sanguine armour 1
a: no special abilities


You were on level 4 of the Dungeon.
You were not hungry.

You visited 1 branch of the dungeon, and saw 4 of its levels.

You collected 148 gold pieces.

Inventory:

Hand Weapons
 a - a +0 long sword (weapon)
Armour
 b - a +0 scale mail
 c - a +0 shield (worn)
 r - a +1 leather armour of magic resistance (worn)
Wands
 g - a wand of acid (10/15)
 m - a wand of clouds (5/9)
Scrolls
 e - 2 scrolls of identify
 i - a scroll of remove curse
 n - a scroll of enchant armour {unknown}
 o - 2 scrolls of amnesia
Potions
 j - a potion of brilliance {unknown}
 k - a potion of berserk rage {unknown}
 l - a potion of curing {unknown}
 p - a potion of mutation
 u - a potion of agility
Books
 q - a book of Cantrips

   Spells                             Type                      Level
   a - Confusing Touch                Hexes                        1
   b - Animate Skeleton               Necromancy                   1
   c - Summon Small Mammal            Summoning                    1
   d - Apportation                    Translocation                1
Comestibles
 f - a bread ration
 h - 2 meat rations
 s - a chunk of flesh
 t - a royal jelly


   Skills:
 + Level 3.9 Fighting
 * Level 3.6 Long Blades
 + Level 3.4 Armour
 + Level 2.1 Dodging
 + Level 3.4 Shields


You had 5 spell levels left.
You didn't know any spells.

Dungeon Overview and Level Annotations

Branches:
Dungeon (4/15)
 Temple: D:4-7

Altars:
Gozag
Nemelex Xobeh


Innate Abilities, Weirdness & Mutations

You sometimes gain a little power by taking damage.
When seriously injured, your bleeding wounds create armour. (AC +6)
You have a pair of small horns on your head.
You are dopey. (Int -2)
You evolve.


Message History

You slash the hound!
You kill the hound!
You have reached level 6!
Your experience leads to an increase in your attributes!
Your base attributes are Str 16, Int 10, Dex 13.
Increase (S)trength, (I)ntelligence, or (D)exterity?
You feel clever.
Your demonic ancestry asserts itself...
You feel your blood ready itself to protect you.
Your blood congeals into armour.
You block the orc priest's attack. The orc priest closely misses you.
You see here an orc corpse.
You slash the orc priest! You headbutt the orc priest.
The orc priest is almost dead.
The orc priest invokes the aid of Beogh against you.
You resist with some effort.
Your shield prevents you from hitting the orc priest.
The orc priest is almost dead.
The orc priest invokes the aid of Beogh against you.
Beogh smites you!
You die...

..# #o# ..# #.# #.#
#o# #.# #.# #.#####.#
#.# #.......###o#
+...........# ####
######o##### #..
#@#### ### #.# #)...#
##.#####.#
####.###........#
##.##.....##..#
#.####.............##
........##.....##....
#.#####.......#####.#
######.## #.# ### #.#


You could see an orc priest.

Vanquished Creatures
  A hound (D:4)
  An orc priest (D:4)
  Ijyb (D:2)
  2 worker ants
  9 adders
  An ooze (D:1)
  A worm (D:2)
  2 dart slugs (D:4)
  A leopard gecko (D:1)
  4 orcs
  5 bats
  4 giant cockroaches
  6 goblins
  10 hobgoblins
  3 jackals (D:1)
  8 kobolds
  3 quokkas
  A ball python (D:3)
  3 frilled lizards
  5 rats
71 creatures vanquished.

Notes
Turn   | Place    | Note
-------+----------+-------------------------------------------
     0 | D:1      | Alarkh the Demonspawn Fighter began the quest for the Orb.
     0 | D:1      | Reached XP level 1. HP: 18/18 MP: 1/1
   236 | D:1      | Gained mutation: You sometimes gain a little power by taking damage. [demonic ancestry]
   236 | D:1      | Reached XP level 2. HP: 23/24 MP: 2/2
   677 | D:2      | Noticed Ijyb
   695 | D:2      | Killed Ijyb
   695 | D:2      | Reached skill level 1 in Dodging
   695 | D:2      | Reached XP level 3. HP: 27/29 MP: 3/3
   940 | D:2      | Reached XP level 4. HP: 22/35 MP: 4/4
  1144 | D:2      | Found a sparkling altar of Nemelex Xobeh.
  1210 | D:2      | Found an opulent altar of Gozag.
  1488 | D:2      | Reached XP level 5. HP: 34/41 MP: 5/5
  3209 | D:4      | Gained mutation: You evolve. [potion of mutation]
  3209 | D:4      | Gained mutation: You are dopey. (Int -2) [potion of mutation]
  3209 | D:4      | Gained mutation: You have a pair of small horns on your head. [potion of mutation]
  3235 | D:4      | Gained mutation: When seriously injured, your bleeding wounds create armour. (AC +6) [demonic ancestry]
  3235 | D:4      | Reached XP level 6. HP: 11/48 MP: 6/6
  3238 | D:4      | Killed from afar by an orc priest

Vault maps used:
D:1:      minmay_arrival_checkered_box
D:2:      old_standard_altar, minmay_fountain_box,
          nicolae_gozag_cash_rules_everything_around_me, uniq_iyjb
D:3:      kennysheep_small_spiral
D:4:      kennysheep_little_box, first_bread, uniq_sigmund

Skill      XL: |  1  2  3  4  5 |
---------------+----------------+-----
Long Blades    | 2 3 |  3.6
Dodging        | 1 2 |  2.1
Shields        | 3 |  3.4
Armour         | 3 |  3.4
Fighting       | |  3.9

Action                   |  1- 3 |  4- 6 || total
-------------------------+-------+-------++-------
Melee: Long sword        |   100 |   199 ||   299
       Headbutt          |       |     2 ||     2
  Use: Scroll            |     1 |     3 ||     4
       Potion            |       |     3 ||     3
 Stab: Sleeping          |       |     1 ||     1
  Eat: Chunk             |       |     8 ||     8
Armor: Scale mail        |    44 |    60 ||   104
       Leather armour    |       |    24 ||    24
Dodge: Dodged            |    40 |    71 ||   111
Block: Shield            |    56 |   114 ||   170
       Rpst.: Long sword |    17 |    17 ||    34
